 Dungeon Crawl Stone Soup version 0.19-a0-1937-g70ed36a (webtiles) character file.

2528 Softman25 the Destroyer (level 9, -1/57 HPs)
             Began as a High Elf Conjurer on Oct 26, 2016.
             Was a Follower of Vehumet.
             Slain by a killer bee (7 damage)
             ... on level 7 of the Dungeon.
             The game lasted 00:23:03 (6572 turns).

Softman25 the Destroyer (High Elf Conjurer)         Turns: 6572, Time: 00:23:04

Health: -1/57      AC:  9    Str:  8    XL:     9   Next: 29%
Magic:  12/16      EV: 14    Int: 22    God:    Vehumet [*.....]
Gold:   396        SH:  0    Dex: 16    Spells: 3 memorised, 8 levels left

rFire  . . .     SeeInvis .     l - +8 dagger (pain)
rCold  . . .     Gourm    .     a - +1 robe
rNeg   . . .     Faith    .     (no shield)
rPois  +         Spirit   .     (no helmet)
rElec  .         Reflect  .     e - +2 cloak
rCorr  .         Harm     .     h - +2 pair of gloves
MR     .....                    (no boots)
Stlth  ++........               u - amulet of magic regeneration
                                (no ring)
                                y - ring of poison resistance

@: no status effects
A: no striking features
a: Renounce Religion


You were on level 7 of the Dungeon.
You worshipped Vehumet.
Vehumet was aware of your devotion.
You were not hungry.

You visited 2 branches of the dungeon, and saw 9 of its levels.

You collected 396 gold pieces.

Inventory:

Hand Weapons
 i - a +3 dagger of venom
 j - a +2 dagger of holy wrath
 l - a +8 dagger of pain (weapon)
Armour
 a - a +1 robe (worn)
 e - a +2 cloak (worn)
 h - a +2 pair of gloves (worn)
Jewellery
 u - an amulet of magic regeneration (around neck)
 x - an uncursed amulet of the gourmand
 y - a ring of poison resistance (left hand)
Wands
 k - a wand of slowing (9/48)
 m - a wand of random effects (25/48)
 t - a wand of digging (15/24)
 D - a wand of polymorph (4/24)
Scrolls
 f - 3 scrolls of identify {@r1}
 g - 2 scrolls of magic mapping
 n - 3 scrolls of remove curse {@r2}
 p - 2 scrolls of teleportation
 v - a scroll of fog
 F - a scroll of blinking
 H - a scroll of brand weapon {unknown}
Potions
 o - a potion of mutation
 r - a potion of curing {@q1}
 w - a potion of ambrosia
 z - a potion of agility
 A - a potion of flight
 B - a potion of lignification
 C - a potion of beneficial mutation {unknown}
 E - a potion of heal wounds {unknown}
Books
 b - a book of Conjurations

   Spells                             Type                      Level
   a - Magic Dart                     Conjuration                  1
   b - Searing Ray                    Conjuration                  2
   c - Dazzling Spray                 Conjuration/Hexes            3
   d - Fulminant Prism                Conjuration/Hexes            4
   e - Iskenderun's Mystic Blast      Conjuration                  4
   f - Iskenderun's Battlesphere      Conjuration/Charms           5
Comestibles
 c - 5 bread rations
 d - 2 royal jellies
 q - 2 fruits
 s - 3 meat rations
 G - a chunk of flesh


   Skills:
 - Level 3.2 Fighting
 + Level 7.5 Short Blades
 - Level 3.3 Dodging
 - Level 2.1 Stealth
 + Level 4.4 Spellcasting
 + Level 9.1 Conjurations
 - Level 7.0 Charms


You had 8 spell levels left.
You knew the following spells:

 Your Spells              Type           Power        Failure   Level  Hunger
a - Magic Dart            Conj           ####         1%          1    None
b - Searing Ray           Conj           #####.       1%          2    #......
c - Iskenderun's Battles  Conj/Chrm      #####...     12%         5    ######.


Dungeon Overview and Level Annotations

Branches:
Dungeon (8/15)             Temple (1/1) D:4
   Lair: D:8-11

Altars:
Ashenzari
Cheibriados
Dithmenos
Elyvilon
Fedhas
Gozag
Hepliaklqana
Kikubaaqudgha
Makhleb
Nemelex Xobeh
Okawaru
Qazlal
Ru
Sif Muna
Uskayaw
Vehumet
Xom
Yredelemnul
Zin
The Shining One


Message History

Aim: a killer bee (moderately wounded)
The magic dart hits the killer bee.
The killer bee is severely wounded.
The killer bee stings you but does no damage.
The killer bee stings you.
Okay, then.
The killer bee barely misses you. The wyvern zombie bites you!
* * * LOW HITPOINT WARNING * * *
The killer bee stings you but does no damage.
You climb upwards.
The killer bee stings you but does no damage. x2
The killer bee misses you. The killer bee completely misses you.
The killer bee stings you but does no damage.
There is a stone staircase leading down here.
Okay, then.
You feel better. The killer bee stings you!
* * * LOW HITPOINT WARNING * * *
The killer bee stings you but does no damage.
The killer bee stings you!
You die...

.....................
.....................#
.....................#
.....................###
#'########'#.........(..
#..........#............
#..........#............
#..............y........
#'######.......y@y......
#.#####################+
..#........#
..#........#
..'.......<#
..#........#
############


You could see 3 killer bees.

Vanquished Creatures
  Prince Ribbit (D:5)
  A hippogriff (D:7)
  Sigmund (D:5)
  Edmund (D:5)
  Duvessa (D:4)
  An orc warrior (D:6)
  A phantom (D:6)
  2 ogres
  2 centaurs
  A bullfrog (D:6)
  Dowan (D:4)
  A water moccasin skeleton (D:6)
  2 scorpions
  A killer bee (D:7)
  2 howler monkeys
  2 crimson imps
  4 orc priests
  3 bullfrog skeletons
  A hound (D:5)
  A gnoll shaman (D:6)
  A jelly (D:6)
  5 orc wizards
  Ijyb (D:2)
  2 centaur skeletons
  Natasha (D:3)
  Terence (D:3)
  2 worker ants (D:6)
  7 adders
  2 shadow imps
  2 adder skeletons
  A worm (D:2)
  2 dart slugs
  13 orcs
  7 bats
  4 giant cockroaches
  13 goblins
  13 hobgoblins
  6 jackals
  6 kobolds
  6 quokkas
  2 ball pythons
  3 frilled lizards
  A leopard gecko skeleton (D:4)
  A quokka skeleton (D:5)
  9 rats
141 creatures vanquished.

Notes
Turn   | Place    | Note
-------+----------+-------------------------------------------
     0 | D:1      | Softman25 the High Elf Conjurer began the quest for the Orb.
     0 | D:1      | Reached XP level 1. HP: 11/11 MP: 4/4
   312 | D:1      | Reached XP level 2. HP: 17/17 MP: 0/6
   372 | D:1      | Reached skill level 5 in Conjurations
  1252 | D:2      | Reached XP level 3. HP: 21/21 MP: 5/7
  1395 | D:2      | Learned a level 2 spell: Searing Ray
  1569 | D:2      | Reached XP level 4. HP: 27/27 MP: 2/10
  1815 | D:2      | Noticed Ijyb
  1822 | D:2      | Killed Ijyb
  1988 | D:2      | Found a shadowy altar of Dithmenos.
  1997 | D:2      | Found an ancient bone altar of Kikubaaqudgha.
  2124 | D:3      | Reached skill level 1 in Fighting
  2157 | D:3      | Reached skill level 1 in Short Blades
  2157 | D:3      | Reached XP level 5. HP: 33/33 MP: 8/12
  2164 | D:3      | Learned a level 5 spell: Iskenderun's Battlesphere
  2275 | D:3      | Noticed Terence
  2298 | D:3      | Killed Terence
  2298 | D:3      | Reached skill level 1 in Charms
  2343 | D:3      | Noticed Natasha
  2349 | D:3      | Killed Natasha
  2807 | D:3      | Reached skill level 6 in Conjurations
  3012 | D:4      | Learned a level 1 spell: Magic Dart
  3082 | D:4      | Found a glowing golden altar of the Shining One.
  3124 | D:4      | Noticed an ogre
  3131 | D:4      | Killed an ogre
  3131 | D:4      | Reached XP level 6. HP: 38/38 MP: 6/13
  3168 | D:4      | Noticed Duvessa
  3168 | D:4      | Noticed Dowan
  3207 | D:4      | Found a sparkling altar of Nemelex Xobeh.
  3756 | D:4      | Killed Duvessa
  3756 | D:4      | Reached XP level 7. HP: 16/43 MP: 2/14
  3780 | D:4      | Killed Dowan
  3780 | D:4      | Reached skill level 5 in Charms
  4197 | D:4      | Found a staircase to the Ecumenical Temple.
  4201 | Temple   | Entered the Ecumenical Temple
  4497 | Temple   | Became a worshipper of Vehumet
  4660 | D:4      | Reached skill level 7 in Conjurations
  4833 | D:5      | Entered Level 5 of the Dungeon
  4870 | D:5      | Noticed Sigmund
  4876 | D:5      | Killed Sigmund
  4876 | D:5      | Reached XP level 8. HP: 48/48 MP: 6/15
  4907 | D:5      | Noticed Edmund
  4922 | D:5      | Killed Edmund
  4923 | D:5      | Reached skill level 5 in Short Blades
  5201 | D:5      | Noticed Prince Ribbit
  5209 | D:5      | Killed Prince Ribbit
  5370 | D:6      | Reached skill level 8 in Conjurations
  5458 | D:6      | Reached * piety under Vehumet
  5458 | D:6      | Offered knowledge of Sandblast by Vehumet.
  5978 | D:6      | Reached XP level 9. HP: 52/57 MP: 8/16
  6490 | D:7      | Reached skill level 9 in Conjurations
  6572 | D:7      | Slain by a killer bee

Vault maps used:
D:1:      dpeg_arrival_tiny_a
D:2:      amethyst_overflow_temple_binary, uniq_iyjb
D:3:      minmay_misc_feat_x, uniq_terence, uniq_natasha
D:4:      nemelex_xobeh_ov_fountains_minmay, lemuel_round_altar, uniq_duvessa
D:5:      first_bread, uniq_edmund, uniq_prince_ribbit1, uniq_sigmund
D:6:      grunt_tough_drop
D:8:      trog_eyes_of_draining
Temple:   minmay_temple_bridge_d

Skill      XL: |  1  2  3  4  5  6  7  8  9 |
---------------+----------------------------+-----
Conjurations   | 5 6 7 8 9 |  9.1
Spellcasting   | 3 4 |  4.4
Fighting       | 1 3 |  3.2
Short Blades   | 1 2 3 4 6 7 |  7.5
Charms         | 3 4 6 7 |  7.0
Dodging        | 3 |  3.3
Stealth        | |  2.1

Action                   |  1- 3 |  4- 6 |  7- 9 || total
-------------------------+-------+-------+-------++-------
Melee: Dagger            |    14 |     3 |    54 ||    71
 Cast: Magic Dart        |    73 |    98 |   125 ||   296
       Searing Ray       |       |    12 |     5 ||    17
       Iskenderun's Batt |       |       |    14 ||    14
  Use: Scroll            |       |    15 |     5 ||    20
       Potion            |       |     1 |     2 ||     3
  Eat: Chunk             |     2 |    15 |     8 ||    25
       Pizza             |       |       |     1 ||     1
       Beef jerky        |       |       |     1 ||     1
       Bread ration      |       |       |     1 ||     1
Armor: Robe              |     2 |     7 |    34 ||    43
       Skin              |       |       |     9 ||     9
Dodge: Dodged            |     5 |    27 |    78 ||   110
